 Dungeon Crawl Stone Soup version 0.26.1-2-gb8aa6d0cf2 (console) character file.

Game seed: 7352640001891899538

184 om the Skirmisher (level 5, -5/47 HPs)
             Began as a Minotaur Abyssal Knight on Feb 19, 2021.
             Was a Follower of Lugonu.
             Slain by Grinder (7 damage)
             ... while paralysed by Grinder
             ... on level 3 of the Dungeon.
             The game lasted 00:02:53 (2422 turns).

om the Skirmisher (Minotaur Abyssal Knight)         Turns: 2422, Time: 00:02:53

Health: -5/47      AC: 10    Str: 16    XL:     5   Next: 36%
Magic:  6/6        EV:  2    Int:  9    God:    Lugonu [*.....]
Gold:   163        SH:  0    Dex: 11    Spells: 4/4 levels left

rFire    x . .     SeeInvis .   a - +2 hand axe
rCold    + + .     Faith    .   (no shield)
rNeg     . . .     Spirit   .   h - +0 ice dragon scales
rPois    .         Reflect  .   (helmet restricted)
rElec    .         Harm     .   (no cloak)
rCorr    .         Rampage  .   (no gloves)
Will     .....                  (no boots)
Stlth    ..........             e - amulet of magic regeneration
HPRegen  0.15/turn              (no ring)
MPRegen  0.35/turn              (no ring)

@: paralysed
A: retaliatory headbutt, horns 2
a: Renounce Religion, Depart the Abyss


You were on level 3 of the Dungeon.
You worshipped Lugonu.
Lugonu was aware of your devotion.
You visited 1 branch of the dungeon, and saw 3 of its levels.
You visited the Abyss 1 time.

You collected 163 gold pieces.

Inventory:

Hand Weapons
 a - a +2 hand axe (weapon)
 n - a +1 short sword of venom
Armour
 b - a +0 leather armour
 h - +0 ice dragon scales (worn)
Jewellery
 e - an amulet of magic regeneration (around neck)
Scrolls
 c - a scroll of remove curse
 j - a scroll of identify {unknown}
 l - a scroll of magic mapping {unknown}
Potions
 d - 3 potions of brilliance {unknown}
 g - a potion of degeneration {unknown}
 i - a potion of heal wounds {unknown}
 k - a potion of attraction {unknown}
 m - 2 potions of mutation {unknown}
 o - a potion of invisibility {unknown}
 p - a potion of curing {unknown}


   Skills:
 - Level 4.5 Fighting
 * Level 4.4 Axes
 + Level 3.5 Armour
 + Level 2.4 Dodging
 + Level 2.6 Invocations


You had 4 spell levels left.
You didn't know any spells.
Your spell library was empty.

Dungeon Overview and Level Annotations

Branches:
Dungeon (3/15)

Altars:
Hepliaklqana

Annotations:
D:3 Grinder


Innate Abilities, Weirdness & Mutations

You reflexively headbutt those who attack you in melee.
You have a pair of horns on your head.


Message History

You are too injured to fight recklessly!
You are too injured to fight recklessly!
You barely miss Grinder. Your headbutt misses Grinder.
Grinder is almost dead.
Grinder hits you.
* * * LOW HITPOINT WARNING * * *
You writhe in agony.
* * * LOW HITPOINT WARNING * * *
You hit Grinder but do no damage.
Grinder is almost dead.
Grinder hits you.
* * * LOW HITPOINT WARNING * * *
You are too injured to fight recklessly!
You hit Grinder. Your headbutt misses Grinder.
Grinder is almost dead.
Grinder says, "FISH!"
Grinder gestures at you.
You suddenly lose the ability to move!
Grinder hits you!
You die...

###### ....#### ###
...... ..# #..# #.#
#####..##### #.#
...........###.#
#########
...............#
#.).....#
##.......#.##..####.####
##.>...................#
................@5.....#
##............^####.##.#
.........###.### #.# .#
###.###### #..# #.. ..
#. ##.# ####.#. ...# ..
# ..


You could see Grinder.

Vanquished Creatures
  Natasha (thrice) (D:2)
  5 adders (D:2)
  2 worms (D:2)
  5 dart slugs
  2 leopard geckos (D:2)
  2 giant cockroaches
  7 hobgoblins
  7 bats
  A frilled lizard (D:1)
  7 goblins
  8 kobolds
  4 rats
53 creatures vanquished.

Notes
Turn   | Place    | Note
-------+----------+-------------------------------------------
     0 | Abyss:1  | om the Minotaur Abyssal Knight began the quest for the Orb.
     0 | Abyss:1  | Reached XP level 1. HP: 19/19 MP: 1/1
    96 | Abyss:1  | Noticed a starcursed mass
    97 | D:1      | Escaped the Abyss
   646 | D:1      | Reached XP level 2. HP: 26/27 MP: 2/2
   932 | D:1      | Reached * piety under Lugonu
   964 | D:1      | Reached XP level 3. HP: 33/33 MP: 3/3
  1305 | D:2      | Noticed Natasha
  1310 | D:2      | Killed Natasha
  1313 | D:2      | Reached XP level 4. HP: 40/41 MP: 4/4
  1341 | D:2      | Found a hazy altar of Hepliaklqana.
  1432 | D:2      | Noticed Natasha
  1441 | D:2      | Killed Natasha
  2042 | D:2      | Found a faded altar of an unknown god.
  2053 | D:2      | Reached XP level 5. HP: 47/47 MP: 5/5
  2159 | D:2      | Noticed Natasha
  2169 | D:2      | Killed Natasha
  2389 | D:3      | Noticed Grinder
  2412 | D:3      | Paralysed by Grinder for 3 turns
  2420 | D:3      | HP: 2/47 [Grinder (2)]
  2421 | D:3      | Paralysed by Grinder for 6 turns
  2422 | D:3      | Slain by Grinder

Illustrated notes

Levels and vault maps discovered:
D:1:      roderic_octagonal_star, layout_basic, minmay_pentomino_q4
D:2:      layout_basic, nzn_hepliaklqana_mist_gate,
          chequers_ecumenical_altar_island, uniq_natasha
D:3:      minmay_evil_eye, layout_loops_ring, fedhas_ov_isle_minmay,
          nicolae_gozag_cash_rules_everything_around_me,
          amethyst_overflow_temple_binary, kennysheep_pointless_box,
          uniq_grinder

Skill      XL: |  1  2  3  4 |
---------------+-------------+-----
Fighting       | 4 |  4.5
Axes           | 3 4 |  4.4
Invocations    | 2 |  2.6
Armour         | 3 |  3.5
Dodging        | 2 |  2.4

Action                   |  1- 3 |  4- 6 || total
-------------------------+-------+-------++-------
Melee: Hand axe          |    59 |    76 ||   135
       Headbutt          |     6 |    10 ||    16
       Short sword       |       |     6 ||     6
Invok: Depart the Abyss  |     1 |       ||     1
  Use: Scroll            |       |     2 ||     2
Armor: Leather armour    |     1 |       ||     1
       Ice dragon scales |    34 |    56 ||    90
Dodge: Dodged            |    48 |    57 ||   105
